AoeStats
← [LCDR] Alone

African Clearing

510636761Analyzed
4v4 RM · 19h ago on Oct 1, 2026· 30m 34s· 8 players
Game mode
Random Map
Map size
Large (8 player)
Population
200
Speed
Normal
Resources
Standard
Victory
Conquest
Starting age
Dark Age
Ending age
Imperial Age
RankedLock teamsTeams togetherTeam positionsShared explorationLock speedFull tech treeHidden civsTurbo modeCheats
Victory
Defeat
🇫🇷 Turks · France
1684
+12
🇫🇷 Koreans · France
1633
+14
🇲🇽 Spanish · Mexico
1625
+14
🇪🇸 Britons · Spain
1611
+15
🇧🇷 Jurchens · Brazil
1659
-16
🇧🇷 Mongols · Brazil
1640
-16
🇧🇷 Huns · Brazil
1620
-15
🇧🇷 Magyars · Brazil
1436
-8
Rv
4:29 Loom
14:04 Feudal Age
14:33 Town Watch
18:42 Forging
18:32 Double-Bit Axe
19:53 Fletching
28:56 Castle Age
29:52 Bodkin Arrow
Glaki
10:46 Loom
13:09 Feudal Age
13:58 Town Watch
17:12 Castle Age
17:25 Fletching
21:58 Bodkin Arrow
24:45 Ballistics
29:21 Padded Archer Armor
30:57 Wheelbarrow
Ketan67
11:39 Loom
13:29 Feudal Age
16:06 Double-Bit Axe
18:40 Castle Age
17:01 Fletching
25:56 Bodkin Arrow
76nateK
9:41 Loom
11:48 Feudal Age
12:40 Double-Bit Axe
15:59 Forging
16:56 Scale Barding Armor
18:49 Bloodlines
22:55 Castle Age
23:41 Husbandry
24:04 Chain Barding Armor
26:50 Wheelbarrow
26:59 Bow Saw
28:03 Horse Collar
29:32 Heavy Plow
Ruchit.Alove
4:41 Loom
12:35 Feudal Age
16:30 Castle Age
14:34 Double-Bit Axe
15:51 Fletching
18:27 Bodkin Arrow
18:43 Bow Saw
26:56 Padded Archer Armor
30:26 Ballistics
29:56 Pikeman
[LCDR] ScOrPiOn II
6:54 Loom
15:16 Feudal Age
26:47 Castle Age
[LCDR] Chorobura
6:45 Loom
14:35 Feudal Age
15:09 Double-Bit Axe
26:31 Fletching
[LCDR] Alone
6:03 Loom
12:31 Feudal Age
13:07 Double-Bit Axe
13:02 Horse Collar
16:18 Forging
22:52 Castle Age
Connection lost

Rejoining the realm…

Still unreachable

The connection could not be restored.

Session expired

The server has moved on; the page needs a fresh start.